 Dungeon Crawl Stone Soup version 0.30-a0-634-g8abc85282e (webtiles) character file.

Game seed: 8405298027312391242

2 ryw the Sneak (level 1, -13/19 HPs)
             Began as a Draconian Delver on Jan 14, 2023.
             Killed by nerve-wracking pain
             ... invoked by a shadow imp
              (14 damage)
             ... on level 5 of the Dungeon.
             The game lasted 00:00:52 (171 turns).

ryw the Sneak (Draconian Delver)                     Turns: 171, Time: 00:00:52

Health: -13/19     AC:  4    Str: 14    XL:     1   Next: 25%
Magic:  1/1        EV: 12    Int: 10    God:
Gold:   0          SH:  0    Dex: 12    Spells: 0/0 levels left

rFire   . . .      SeeInvis .    a - +0 falchion
rCold   . . .      Faith    .    (no shield)
rNeg    . . .      Spirit   .    (body armour unavailable)
rPois   +          Reflect  .    (helmet restricted)
rElec   .          Harm     .    (no cloak)
rCorr   .          Rampage  .    (no gloves)
Will    .....                    (no boots)
Stlth   +++                      (no amulet)
HPRegen 0.23/turn                g - ring of poison resistance
MPRegen 0.07/turn                (no ring)

@: no status effects
A: AC +4, unfitting armour, cold-blooded
a: no special abilities


You were on level 5 of the Dungeon.
You visited 1 branch of the dungeon, and saw 1 of its levels.

Inventory:

Hand Weapons
 a - a +0 falchion (weapon)
Jewellery
 g - a ring of poison resistance (left hand)
Wands
 f - a wand of digging (3)
Scrolls
 b - a scroll of fog
 c - a scroll of magic mapping
 d - a scroll of fear


   Skills:
 + Level 3.3 Fighting
 * Level 2.1 Long Blades
 + Level 1.8 Dodging
 - Level 4.5 Stealth


You couldn't memorise any spells.
You didn't know any spells.
Your spell library contained the following spells:

 Spells                   Type           Power      Damage    Failure   Level
 Call Canine Familiar     Summ           0%         N/A       75%         3
 Portal Projectile        Hex/Tloc       0%         N/A       75%         3
 Leda's Liquefaction      Hex/Erth       0%         N/A       98%         4


Dungeon Overview and Level Annotations

Branches:
Dungeon (5/15)
 Temple: D:4-7

Altars:
Gozag


Innate Abilities, Weirdness & Mutations

Your plain brown scales are hard. (AC +4)
You cannot fit into any form of body armour.
You are cold-blooded and may be slowed by cold attacks.


Message History

You hit the orc.
You kill the orc!
No target in view!
No target in view!
g - a ring of poison resistance
h - a black potion
g - a ring of poison resistance (left hand)
A shadow imp comes into view.
Found a pair of boots.
A hound comes into view.
The hound moves out of view.
The shadow imp shouts, "Fly, thou peaked hedge-born mish-mash!"
The shadow imp gestures at you.
You barely resist.
A phantom comes into view.
The shadow imp completely misses you.
The shadow imp attacks as you move away!
The shadow imp hits you.
Found a rapier.
The shadow imp hits you.
Found a ring mail.
Found 20 gold pieces.
The shadow imp gestures at you. Pain shoots through your body!
Ouch! That really hurt!
* * * LOW HITPOINT WARNING * * *
You feel yourself speed up.
You barely miss the shadow imp. You hit the shadow imp.
The shadow imp is moderately wounded.
The shadow imp gestures at you. Pain shoots through your body!
* * * LOW HITPOINT WARNING * * *
It was a potion of cancellation.
Your magical effects are unravelling.
You feel magically purged.
You feel yourself slow down. The shadow imp gestures at you.
Pain shoots through your body!
Ouch! That really hurt!
You die...

## ##. #.###. ...##
#..###..#.. ....#
....#....[ ......
#...$.....# ....#
#.........##...##
.#.........#.....#.
........... #..5@........
..[....#..###..#.......#
##.. ..###.....###.....##
#..###..#.......#..###..#
....#...............# ..
.........#.....#.....
.........##...##......
.........#.....#.......
....#...............#...


You could see a shadow imp.

Vanquished Creatures
  An orc (D:5)
1 creature vanquished.

Notes
Turn   | Place    | Note
-------+----------+-------------------------------------------
     0 | D:5      | ryw the Draconian Delver began the quest for the Orb.
     0 | D:5      | Reached XP level 1. HP: 19/19 MP: 1/1
    57 | D:5      | Found an opulent altar of Gozag.
   144 | D:5      | Noticed a hound
   155 | D:5      | Noticed a phantom
   171 | D:5      | Killed from afar by a shadow imp

Illustrated notes

Levels and vault maps discovered:
D:5:      nicolae_cairo_tiling_large_dashed, layout_basic, grunt_gozag_statues,
          minmay_temple_entry_slanted, kennysheep_generic_room_10,
          uniq_eustachio

Action                   || total
-------------------------++-------
Melee: Falchion          ||     6
       Tailslap          ||     2
  Use: Potion            ||     2
Dodge: Dodged            ||     4

Table legend: (Time is in decaauts)
 A = Elapsed time spent in this place.
 B = Non-inter-level travel time spent in this place.
 C = Inter-level travel time spent in this place.
 D = Time resting spent in this place.
 E = Time spent auto-exploring this place.
 F = Levels seen in this place.
 G = Mean time per level.
                   A        B        C        D        E       F      G
               +--------+--------+--------+--------+--------+-----+--------+
         Total |    170 |    170 |      0 |      0 |    103 |   1 |  170.0 |
       Dungeon |    170 |    170 |      0 |      0 |    103 |   1 |  170.0 |
               +--------+--------+--------+--------+--------+-----+--------+

Top non-repeatable levels by time:
     D:5: 170 daAuts
